 Dungeon Crawl Stone Soup version 0.24.0-37-gcf1ca852f1 (webtiles) character file.

Game seed: 15649345749829786053, levelgen mode: deterministic

1026 Mesmaeker13 the Poker (level 7, -13/60 HPs)
             Began as a Demigod Skald on Dec 2, 2019.
             Mangled by an ogre
             ... wielding a +0 giant club
              (15 damage)
             ... on level 5 of the Dungeon.
             The game lasted 00:07:19 (6283 turns).

Mesmaeker13 the Poker (Demigod Skald)               Turns: 6283, Time: 00:07:20

Health: -13/60     AC:  8    Str: 16    XL:     7   Next: 72%
Magic:  7/12       EV: 11    Int: 19    God:
Gold:   85         SH:  0    Dex: 15    Spells: 8/9 levels left

rFire    x . .     SeeInvis .   a - +0 spear
rCold    + . .     Gourm    .   (no shield)
rNeg     . . .     Faith    .   x - +0 scale mail
rPois    .         Spirit   .   u - +0 helmet
rElec    .         Reflect  .   (no cloak)
rCorr    .         Harm     .   (no gloves)
MR       .....                  (no boots)
Stlth    ..........             o - amulet of rage
HPRegen  0.20/turn              (no ring)
MPRegen  0.13/turn              k - ring of ice

@: no status effects
A: high mp 1
a: Evoke Berserk Rage


You were on level 5 of the Dungeon.
You were hungry.

You visited 1 branch of the dungeon, and saw 5 of its levels.
You also visited: Sewer.

You collected 85 gold pieces.

Inventory:

Hand Weapons
 a - a +0 spear (weapon)
 p - a +0 whip of electrocution
Missiles
 m - 12 poisoned darts (quivered)
Armour
 s - a +0 shield
 u - a +0 helmet (worn)
 x - a +0 scale mail (worn)
Jewellery
 k - a ring of ice (right hand)
 o - an amulet of rage (around neck)
Scrolls
 c - a scroll of enchant weapon {unknown}
 f - 2 scrolls of noise
 n - a scroll of remove curse
 q - 2 scrolls of teleportation {unknown}
 v - a scroll of fog {unknown}
 y - a scroll of identify
Potions
 b - 2 potions of brilliance {unknown}
 e - a potion of flight {unknown}
 g - a potion of degeneration {unknown}
 h - a potion of berserk rage {unknown}
 i - 2 potions of might {unknown}
 j - 3 potions of curing {unknown}
 l - 2 potions of agility {unknown}
 r - 3 potions of magic {unknown}
 t - a potion of haste {unknown}
 z - a potion of mutation {unknown}
Comestibles
 d - 5 rations


   Skills:
 + Level 4.6 Fighting
 + Level 4.7 Polearms
 + Level 4.3 Armour
 - Level 4.0 Dodging
 - Level 1.7 Spellcasting
 - Level 2.6 Charms


You had 8 spell levels left.
You knew the following spells:

 Your Spells              Type           Power        Failure   Level  Hunger
a - Infusion              Chrm           ##..         21%         1    #......

Your spell library contained the following spells:

 Spells                   Type           Power        Failure   Level  Hunger
 Song of Slaying          Chrm           ##......     30%         2    ###....
 Shroud of Golubria       Chrm/Tloc      #.....       45%         2    ###....
 Regeneration             Chrm/Necr      #.........   71%         3    ###....
 Spectral Weapon          Hex/Chrm       #.......     71%         3    ###....


Dungeon Overview and Level Annotations

Branches:
Dungeon (5/15)              Sewer (visited)
 Temple: D:4-7

Shops:
D:4 }

Annotations:
D:4 Edmund


Innate Abilities, Weirdness & Mutations

You have an increased reservoir of magic. (+10% MP)


Message History

The hound zombie bites you but does no damage.
The gnoll hits you but does no damage.
The gnoll shaman calls upon its god to speed up something.
A gnoll comes into view. It is wielding a +0 halberd.
The jelly hits you but does no damage.
You rip the net and break free!
The hound zombie barely misses you. The gnoll closely misses you.
The jelly closely misses you. The hound zombie misses you.
A gnoll comes into view. It is wielding a +0 halberd.
The ogre hits you with a +0 giant club!!
* * * LOW HITPOINT WARNING * * *
The gnoll hits you but does no damage.
Unknown command.
The gnoll shouts!
The teleport trap disappears.
The gnoll shaman disappears!
The gnoll barely misses you.
The gnoll hits you from afar with a +0 halberd.
* * * LOW HITPOINT WARNING * * *
The ogre hits you with a +0 giant club!
You die...

....... ..... .......#
#....... .......####.#.#...
..........g....#
.............###
#.....ยง........ ##
#...ggg.....#
..#..o.gO.....# ###
#.#..JogZ@%...#
....#.#.###########
###.....###############.##.
....................)..o...
####....##########.########
............(o............
%......###..........######
....... #.########.#
....... #.# ..#


You could see an ogre, a jelly, an orc priest, 6 gnolls, an orc and a hound
zombie.

Vanquished Creatures
  2 phantoms
  An ogre (D:5)
  6 big kobolds (Sewer)
  2 crimson imps
  An orc wizard (D:5)
  A hound (D:5)
  10 adders
  5 oozes
  An adder skeleton (D:5)
  8 worms
  A dart slug (D:2)
  5 leopard geckos
  2 orcs (D:3)
  5 ball pythons
  6 giant cockroaches
  9 goblins
  5 hobgoblins
  3 jackals (D:4)
  5 bats
  5 frilled lizards
  9 kobolds
  A leopard gecko zombie (D:5)
  2 quokka skeletons (D:4)
  A quokka zombie (D:5)
  11 rats
107 creatures vanquished.

Notes
Turn   | Place    | Note
-------+----------+-------------------------------------------
     0 | D:1      | Mesmaeker13 the Demigod Skald began the quest for the Orb.
     0 | D:1      | Reached XP level 1. HP: 17/17 MP: 5/5
   175 | D:1      | Reached skill level 1 in Armour
   533 | D:1      | Reached XP level 2. HP: 15/24 MP: 7/7
  1214 | D:2      | Reached XP level 3. HP: 5/29 MP: 0/8
  1228 | D:2      | HP: 1/29 [poisoned by an adder]
  2989 | D:3      | Reached XP level 4. HP: 37/37 MP: 4/9
  3029 | D:3      | Found a glowing drain.
  3056 | Sewer    | Entered a sewer
  3416 | Sewer    | Noticed a big kobold
  3445 | Sewer    | Killed a big kobold
  3445 | Sewer    | Reached XP level 5. HP: 37/44 MP: 3/10
  3646 | Sewer    | Reached XP level 6. HP: 40/51 MP: 4/11
  4782 | D:3      | Reached XP level 7. HP: 58/58 MP: 8/12
  4836 | D:3      | Found a white marble altar of Elyvilon.
  5540 | D:4      | Found an opulent altar of Gozag.
  5675 | D:4      | Found Kuik's Gadget Emporium.
  5675 | D:4      | Noticed a two-headed ogre
  5692 | D:4      | Noticed Edmund
  5704 | D:5      | Entered Level 5 of the Dungeon
  6280 | D:5      | HP: 2/60 [ogre/+0 giant club (18)]
  6283 | D:5      | Mangled by an ogre

Levels and vault maps discovered:
D:1:      psy_arrival_radial01, layout_basic
D:2:      minmay_alternating_diamond, layout_loops_ring, first_ration
D:3:      layout_basic, gup_sewer_entry_pipe, elyvilon_altar_5
D:4:      layout_basic, grunt_gozag_statues, serial_shops, shop, shop, shop,
          nicolae_shop_statue_plus, uniq_sigmund, uniq_pikel, uniq_edmund
D:5:      layout_basic, grunt_qazlal_sundering, minmay_temple_entry_slanted

Skill      XL: |  1  2  3  4  5  6  7 |
---------------+----------------------+-----
Armour         | 1 2 3 4 |  4.3
Fighting       | 2 3 4 |  4.6
Polearms       | 2 3 4 |  4.7
Dodging        | 2 3 4 |  4.0
Spellcasting   | |  1.7
Charms         | |  2.6

Action                   |  1- 3 |  4- 6 |  7- 9 || total
-------------------------+-------+-------+-------++-------
Melee: Spear             |   160 |   243 |   134 ||   537
 Cast: Infusion          |    12 |    20 |    10 ||    42
  Use: Scroll            |       |       |     4 ||     4
  Eat: Chunk             |     5 |     2 |     1 ||     8
       Ration            |     1 |     1 |     1 ||     3
Armor: Leather armour    |     3 |       |       ||     3
       Ring mail         |    40 |    46 |    23 ||   109
       Scale mail        |       |       |    17 ||    17
Dodge: Dodged            |    72 |    82 |    77 ||   231
